AoeStats
← 陟遐自迩

Black Forest

510077775Analyzed
4v4 RM · 2d ago on Sep 29, 2026· 55m 55s· 8 players
Game mode
Random Map
Map size
Large (8 player)
Population
200
Speed
Normal
Resources
Standard
Victory
Conquest
Starting age
Dark Age
Ending age
Imperial Age
RankedLock teamsTeams togetherTeam positionsShared explorationLock speedFull tech treeHidden civsTurbo modeCheats
Victory
Defeat
🇩🇪 Persians · Germany
1033
+16
1000
+18
🇮🇩 Byzantines · Indonesia
981
+19
🇨🇳 Spanish · China
980
+19
🇹🇼 Danes · Taiwan
1087
-20
🇧🇬 Bulgarians · Bulgaria
1043
-18
🇫🇷 Koreans · France
1034
-18
🇦🇺 Sicilians · Australia
999
-16
陟遐自迩
1:05 Loom
12:03 Feudal Age
12:46 Horse Collar
19:36 Castle Age
17:43 Double-Bit Axe
18:20 Stone Mining
19:39 Wheelbarrow
21:37 Heavy Plow
22:04 Bow Saw
25:18 Gold Mining
29:58 Gold Shaft Mining
30:00 Stone Shaft Mining
33:14 Imperial Age
31:24 Hand Cart
30:55 Town Watch
32:14 Forging
32:09 Scale Barding Armor
32:59 Devotion
33:38 Iron Casting
34:05 Crop Rotation
34:38 Two-Man Saw
34:18 Chain Barding Armor
34:02 Husbandry
34:13 Bloodlines
34:24 Conscription
36:08 Blast Furnace
34:32 Elite War Elephant
36:19 Faith
37:36 Caravan
38:38 Plate Barding Armor
38:08 Fletching
41:18 Heavy Camel Rider
S个帅哥
0:53 Loom
14:36 Feudal Age
19:02 Castle Age
17:54 Double-Bit Axe
17:53 Horse Collar
20:59 Bow Saw
25:18 Gold Mining
27:37 Fletching
27:50 Padded Archer Armor
29:45 Bodkin Arrow
30:06 Leather Archer Armor
47:13 Ballistics
46:50 Murder Holes
47:48 Stone Mining
49:15 Husbandry
49:26 Bloodlines
54:48 Imperial Age
52:54 Wheelbarrow
54:56 Elite Conquistador
55:56 Conscription
55:03 Elite Conquistador
56:10 Conscription
MrTomatoChips
12:01 Feudal Age
15:04 Loom
17:51 Castle Age
16:08 Double-Bit Axe
17:37 Horse Collar
26:02 Bow Saw
30:04 Imperial Age
27:50 Gold Mining
28:15 Heavy Plow
29:54 Wheelbarrow
31:18 Hand Cart
31:35 Crop Rotation
32:22 Chemistry
31:18 Stone Mining
31:53 Forging
31:30 Pikeman
32:14 Squires
32:00 Arson
32:01 Gambesons
32:10 Treadmill Crane
32:51 Ballistics
33:38 Hoardings
33:43 Halberdier
35:06 Iron Casting
34:32 Scale Mail Armor
35:02 Guilds
34:53 Caravan
36:06 Two-Man Saw
36:15 Elite Varangian Guard
37:24 Conscription
38:33 Logistica
38:14 Elite Skirmisher
38:59 Thumb Ring
40:24 Elite Cataphract
45:15 Bombard Tower
45:07 Fortified Wall
46:39 Chain Mail Armor
46:15 Fletching
46:25 Padded Archer Armor
46:30 Scale Barding Armor
45:49 Heavy Camel Rider
48:25 Husbandry
來一杯玫瑰舒暢
5:36 Loom
11:58 Feudal Age
16:43 Castle Age
18:07 Double-Bit Axe
23:19 Horse Collar
27:34 Wheelbarrow
27:22 Pikeman
28:02 Squires
28:04 Treadmill Crane
28:45 Heavy Plow
29:28 Gold Mining
30:04 Vendel Legacy
31:18 Hand Cart
31:45 Bow Saw
35:07 Imperial Age
32:46 Husbandry
32:58 Bloodlines
32:54 Arson
32:56 Gambesons
33:27 Light Cavalry
35:18 Fletching
35:34 Scale Barding Armor
35:39 Forging
35:29 Scale Mail Armor
35:29 Padded Archer Armor
37:21 Conscription
37:35 Cavalier
41:17 Chain Barding Armor
41:32 Iron Casting
41:13 Chain Mail Armor
41:17 Elite Varangian Guard
43:08 Plate Barding Armor
43:08 Stone Mining
46:06 Crop Rotation
49:24 Blast Furnace
48:55 Plate Mail Armor
48:21 Bodkin Arrow
48:42 Leather Archer Armor
47:53 Halberdier
50:01 Caravan
50:57 Elite Skirmisher
54:43 Bracer
55:14 Ring Archer Armor
56:20 Ballistics
55:54 Heated Shot
56:16 Masonry
Tomoki
13:11 Feudal Age
13:49 Double-Bit Axe
14:00 Gold Mining
13:52 Horse Collar
15:42 Wheelbarrow
19:01 Castle Age
18:27 Stone Mining
20:46 Bow Saw
20:59 Heavy Plow
24:06 Hand Cart
26:42 Town Watch
29:06 Squires
28:52 Gambesons
28:52 Arson
28:33 Hamask
29:03 Loom
30:41 Ballistics
33:54 Imperial Age
32:01 Fletching
32:11 Padded Archer Armor
32:14 Scale Mail Armor
33:24 Masonry
33:55 Gold Shaft Mining
33:55 Stone Shaft Mining
34:01 Caravan
34:18 Forging
34:23 Chain Mail Armor
35:09 Siege Engineers
35:32 Elite Jomsviking
35:37 Onager
37:52 Iron Casting
37:48 Plate Mail Armor
37:14 Bodkin Arrow
37:34 Leather Archer Armor
37:14 Northmen's Fury
37:53 Siege Onager
40:43 Elite Varangian Guard
41:30 Pikeman
44:09 Halberdier
46:44 Blast Furnace
51:22 Chemistry
53:06 Thumb Ring
52:21 Cranequins
richnoob575
13:14 Feudal Age
17:21 Castle Age
16:29 Double-Bit Axe
18:45 Bow Saw
22:41 Horse Collar
25:45 Scale Barding Armor
27:12 Wheelbarrow
28:37 Chain Barding Armor
29:51 Bloodlines
29:42 Husbandry
34:35 Imperial Age
33:47 Forging
34:19 Hand Cart
35:41 Iron Casting
35:03 Loom
35:03 Town Watch
35:50 Conscription
35:36 Hauberk
36:15 Town Patrol
35:41 Cavalier
36:17 Pikeman
36:43 Gambesons
36:59 Squires
36:44 Arson
38:02 Blast Furnace
37:39 Plate Barding Armor
37:06 Halberdier
38:06 Scale Mail Armor
37:58 Fletching
42:02 Chemistry
44:22 Devotion
46:15 Caravan
47:38 Bodkin Arrow
49:27 Bracer
49:27 Padded Archer Armor
51:00 Leather Archer Armor
52:08 Cranequins
52:50 Heavy Mounted Crossbowman
Slayer30
5:04 Loom
11:57 Feudal Age
16:25 Castle Age
15:02 Double-Bit Axe
16:28 Wheelbarrow
16:03 Horse Collar
17:47 Bow Saw
17:41 Heavy Plow
24:10 Gold Mining
24:13 Stone Mining
26:04 Hand Cart
26:49 Caravan
26:45 Town Watch
34:11 Imperial Age
32:31 Stone Shaft Mining
32:32 Gold Shaft Mining
32:50 Coinage
32:23 Arson
32:39 Squires
33:09 Scale Mail Armor
33:19 Forging
33:00 Fletching
36:44 Banking
35:52 Elite Fire Lancer
37:08 Masonry
37:20 Ballistics
37:07 Siege Engineers
38:43 Pikeman
41:09 Architecture
41:53 Two-Man Saw
41:44 Chain Mail Armor
42:25 Iron Casting
41:51 Bodkin Arrow
42:38 Plate Mail Armor
42:10 Murder Holes
43:17 Chemistry
42:30 Fortified Wall
42:06 Arrowslits
42:56 Halberdier
45:24 Town Patrol
45:39 Bracer
46:42 Scale Barding Armor
novko
1:10 Loom
12:37 Feudal Age
13:23 Double-Bit Axe
17:15 Castle Age
15:46 Horse Collar
16:23 Stone Mining
18:22 Fletching
19:51 Forging
25:36 Iron Casting
34:32 Scale Barding Armor
36:07 Redemption
36:19 Bloodlines
36:10 Husbandry
36:10 Light Cavalry
44:31 Imperial Age
44:49 Wheelbarrow
44:52 Pikeman
45:17 Gambesons
45:32 Squires
47:42 Hussar
53:16 Heavy Plow
Connection lost

Rejoining the realm…

Still unreachable

The connection could not be restored.

Session expired

The server has moved on; the page needs a fresh start.